Map: Rhoskallian LE

Players

Platharum

  • Race: Terran Terran
  • League: Diamond
  • Spawn Location: 5:00

Zultan

  • Race: Protoss Protoss
  • League: Diamond
  • Spawn Location: 6:00

Massa

  • Race: Terran Terran
  • League: Platinum
  • Spawn Location: 11:00

qqq

  • Race: Protoss Protoss
  • League: Platinum
  • Spawn Location: 12:00

VOD

Have the link to the VOD?

Description

Time

  • Played on: Dec. 29, 2020, 7:03 a.m.
  • Length: 4:49
Show
View Real Time Build Order
Export as new Build Order

Platharum Terran 

Build Orders:  

Get SALT Encoding   

  12  0:00  SCV  
  13  0:17  Supply Depot  
  13  0:24  Refinery  
  13  0:41  Barracks  
  13  1:08  Barracks  
  13  1:39  Reaper  
  14  1:51  Refinery  
  14  1:56  Reaper  
  15  2:11  Reaper  
  16  2:17  Barracks  
  16  2:30  Reaper  
  16  2:36  SCV  
  16  2:53  Reaper  
  17  3:03  Reaper  
  18  3:09  Reaper, Supply Depot  
  19  3:25  Reaper  
  20  3:33  SCV  
  21  3:55  Reaper  
  21  3:56  Reaper, SCV  
  24  4:05  Reaper  
  24  4:08  SCV  
Show
View Real Time Build Order
Export as new Build Order

Zultan Protoss 

Build Orders:  

Get SALT Encoding   

  12  0:01  Probe  
  13  0:13  Probe  
  14  0:24  Pylon  
  14  0:25  Probe  
  16  0:42  Probe (Chrono Boost)  
  16  0:43  Gateway  
  16  0:51  Assimilator  
  16  0:54  Probe (Chrono Boost)  
  17  0:58  Probe (Chrono Boost)  
  18  1:09  Probe  
  19  1:32  Gateway  
  19  1:44  Gateway  
  19  1:48  Probe  
  20  2:00  Probe, Assimilator  
  21  2:21  Cybernetics Core  
  21  2:25  Zealot  
  23  2:31  Gateway  
  23  2:33  Pylon  
  23  2:51  Probe  
  24  2:59  Stalker  
  24  3:00  Stalker  
  24  3:02  Warp Gate (Chrono Boost)  
  24  3:03  Probe  
  29  3:14  Pylon  
  29  3:17  Pylon  
  29  3:18  Stalker  
  31  3:32  Probe  
  32  3:38  Stalker (Chrono Boost)  
  32  3:39  Stalker (Chrono Boost)  
  36  3:50  Nexus  
  36  3:55  Stalker (Chrono Boost)  
  38  4:17  Probe  
  38  4:18  Pylon  
  39  4:29  Probe  
Show
View Real Time Build Order
Export as new Build Order

Massa Terran 

Build Orders: Reaper Expand 

Get SALT Encoding   

  12  0:00  SCV  
  13  0:12  SCV  
  14  0:18  Supply Depot  
  14  0:25  SCV  
  15  0:40  SCV  
  15  0:41  Barracks  
  16  0:47  Refinery  
  16  0:52  SCV  
  17  1:06  SCV  
  18  1:22  SCV  
  19  1:30  Reaper  
  20  1:34  Orbital Command  
  20  1:45  Command Center  
  20  2:01  Supply Depot  
  20  2:07  Factory  
  20  2:09  Marine  
  21  2:16  SCV  
  22  2:27  Marine  
  22  2:28  SCV  
  24  2:33  Supply Depot  
  24  3:02  Marine  
  24  3:04  Hellion  
  27  3:10  Orbital Command  
  27  3:12  SCV  
  28  3:16  Starport  
  28  3:17  Refinery  
  28  3:24  SCV  
  28  3:25  Factory Tech Lab  
  29  3:32  Barracks Tech Lab  
  29  3:36  SCV  
  29  3:37  Command Center  
  29  3:48  SCV, Hellion  
  29  3:50  Marine  
  30  3:59  Barracks  
  30  4:00  SCV  
  29  4:08  Marine  
  32  4:15  Hellion  
  26  4:25  Barracks  
Show
View Real Time Build Order
Export as new Build Order

qqq Protoss 

Build Orders: Forge Fast Expand (FFE) 

Get SALT Encoding   

  12  0:00  Probe  
  13  0:13  Probe  
  14  0:20  Pylon  
  14  0:27  Probe  
  15  0:41  Forge  
  15  0:55  Pylon  
  15  0:56  Pylon  
  13  1:44  Nexus  
  13  1:56  Probe  
  15  2:08  Probe  
  15  2:13  Gateway  
  15  2:20  Probe  
  14  2:32  Probe  
  14  2:44  Probe  
  14  2:54  Pylon  
  14  2:56  Probe  
  14  2:58  Pylon  
  15  3:03  Probe  
  16  3:09  Probe  
  17  3:15  Probe  
  18  3:21  Probe  
  19  3:27  Probe  
  19  3:28  Cybernetics Core  
  19  3:33  Probe  
  21  3:38  Assimilator  
  21  3:39  Probe  
  21  3:43  Assimilator  
  20  3:53  Pylon  
  18  3:59  Probe  
  19  4:11  Probe  
  19  4:20  Photon Cannon  
  19  4:24  Photon Cannon  
  19  4:27  Probe  
  21  4:47  Gateway  
Tags
 
Add a new tag
Caveats
  • Supply blocks, unpowered buildings, or Contaminate may cause inaccurate times.
  • Supply counts are checked every 10 seconds.